 Dungeon Crawl Stone Soup version 0.28.0-43-g3370ac3207 (webtiles) character file.

Game seed: 674413407706867827

75265 pkoi the Nimble (level 15, -8/75 HPs)
             Began as a Spriggan Air Elementalist on Mar 21, 2022.
             Was a High Priest of Sif Muna.
             Killed by an exploding ball lightning (11 damage)
             ... on level 2 of the Orcish Mines.
             The game lasted 01:03:47 (52262 turns).

pkoi the Nimble (Spriggan Air Elementalist)        Turns: 52262, Time: 01:03:48

Health: -8/75      AC:  6    Str:  4    XL:     15   Next: 9%
Magic:  35/41      EV: 25    Int: 34    God:    Sif Muna [*****.]
Gold:   1007       SH:  5    Dex: 15    Spells: 21/39 levels left

rFire   + . .      SeeInvis +   H - staff of air
rCold   . . .      Faith    .   (shield currently unavailable)
rNeg    . . .      Spirit   .   g - +2 robe {rF+}
rPois   .          Reflect  +   n - +2 hat {Int+3}
rElec   +          Harm     .   q - scarf {shadows}
rCorr   .          Rampage  .   (gloves unavailable)
Will    ++...                   (boots unavailable)
Stlth   +++++.....              d - amulet of reflection
HPRegen 0.22/turn               G - +6 ring of intelligence
MPRegen 0.27/turn               B - ring of magical power

@: very quick
A: very small, no large weapons, unfitting armour, see invisible, speed 3
a: Renounce Religion, Channel Magic, Forget Spell, Divine Exegesis


You were on level 2 of the Orcish Mines.
You worshipped Sif Muna.
Sif Muna was extremely pleased with you.
You visited 4 branches of the dungeon, and saw 23 of its levels.
You also visited: Sewer and Bailey.

You collected 1995 gold pieces.
You spent 988 gold pieces at shops.

Inventory:

Hand Weapons
 b - a +0 dagger
 f - a +1 rapier
 p - a +1 dagger of venom
 z - the +11 falchion of Mastery {drain, rC+ Stlth+}
   (You took it off an orc on level 8 of the Dungeon)

   A truly terrible weapon, it drains the life of any living foe it strikes.
   rC:        It protects you from cold.
   Stlth:     It makes you more stealthy.
Missiles
 v - 3 curare-tipped darts
Armour
 g - a +2 robe of fire resistance (worn)
 n - a +2 hat of intelligence (worn)
 q - a scarf of shadows (worn)
Magical Staves
 H - a staff of air (weapon)
Jewellery
 d - an amulet of reflection (around neck)
 t - a ring of fire
 B - a ring of magical power (right hand)
 G - a +6 ring of intelligence (left hand)
 L - a +4 ring of protection
Wands
 a - a wand of flame (46)
 c - a wand of iceblast (21)
 A - a wand of polymorph (10)
 F - a wand of charming (7)
 K - a wand of acid (5)
Scrolls
 e - a scroll of magic mapping
 h - 2 scrolls of amnesia
 i - 2 scrolls of silence
 l - 8 scrolls of teleportation
 s - 3 scrolls of blinking
 w - 6 scrolls of enchant weapon
 x - 2 scrolls of enchant armour
 y - 7 scrolls of identify
 I - 2 scrolls of fear
 M - a scroll of holy word
Potions
 j - 9 potions of curing
 k - 6 potions of cancellation
 m - 2 potions of magic
 o - 5 potions of heal wounds
 r - 2 potions of haste
 u - 2 potions of ambrosia
 C - a potion of might
 D - a potion of berserk rage
 E - 4 potions of resistance
 J - 2 potions of brilliance


   Skills:
 - Level 7.5 Fighting
 - Level 13.3 Dodging
 - Level 12.0 Stealth
 - Level 12.7 Spellcasting
 - Level 9.0 Conjurations
 + Level 2.8 Transmutations
 - Level 13.1 Air Magic
 - Level 9.1 Invocations


You had 21 spell levels left.
You knew the following spells:

 Your Spells              Type           Power      Damage    Failure   Level
a - Shock                 Conj/Air       100%       1d9       1%          1
b - Static Discharge      Conj/Air       98%        N/A       1%          2
c - Airstrike             Air            52%        N/A       1%          4
d - Conjure Ball Lightni  Conj/Air       49%        3x3d17    3%          6
e - Irradiate             Conj/Tmut      29%        3d23      4%          5

Your spell library contained the following spells:

 Spells                   Type           Power      Damage    Failure   Level
 Animate Skeleton         Necr           42%        N/A       1%          1
 Freeze                   Ice            84%        1d10      1%          1
 Pain                     Necr           84%        1d8       1%          1
 Corpse Rot               Necr/Air       100%       N/A       1%          2
 Mephitic Cloud           Conj/Pois/Air  82%        N/A       1%          3
 Stone Arrow              Conj/Erth      100%       3d13      1%          3
 Swiftness                Air            100%       N/A       1%          3
 Lightning Bolt           Conj/Air       49%        1d69      1%          5
 Freezing Cloud           Conj/Ice/Air   41%        6-21      2%          5
 Sublimation of Blood     Necr           21%        N/A       3%          2
 Hailstorm                Conj/Ice       51%        3d11      3%          4
 Silence                  Hex/Air        39%        N/A       3%          5
 Frozen Ramparts          Ice            42%        1d6       6%          3
 Vampiric Draining        Necr           21%        2d7       6%          3
 Ice Form                 Ice/Tmut       31%        N/A       11%         4
 Petrify                  Tmut/Erth      31%        N/A       11%         4
 Anguish                  Hex/Necr       10%        N/A       21%         4
 Dispel Undead            Necr           21%        3d11      21%         4
 Summon Ice Beast         Ice/Summ       21%        N/A       21%         4
 Alistair's Intoxication  Tmut/Pois      20%        N/A       30%         5
 Excruciating Wounds      Necr           10%        N/A       50%         5
 Spellforged Servitor     Conj/Summ      25%        N/A       95%         7
 Death Channel            Necr           10%        N/A       97%         6
 Simulacrum               Ice/Necr       10%        N/A       97%         6
 Discord                  Hex            10%        N/A       100%        8
 Disjunction              Tloc           10%        N/A       100%        8
 Necromutation            Tmut/Necr      15%        N/A       100%        8


Dungeon Overview and Level Annotations

Branches:
Dungeon (14/15)            Temple (1/1) D:4            Lair (6/6) D:9
 Shoals (0/4) Lair:3       Spider (0/4) Lair:2        Slime (0/5) Lair:5
    Orc (2/2) D:9             Elf (0/3) Orc:2        Vaults (0/5) D:13
  Sewer (visited)          Bailey (visited)

Altars:
Ashenzari
Cheibriados
Dithmenos
Elyvilon
Fedhas
Gozag
Hepliaklqana
Kikubaaqudgha
Makhleb
Nemelex Xobeh
Okawaru
Qazlal
Ru
Sif Muna
Trog
Uskayaw
Vehumet
Wu Jian
Xom
Yredelemnul
Zin
The Shining One
Beogh
Jiyva

Shops:
D:3 :   D:5 *   D:7 *   D:11 (   D:13 [(   Orc:2 **[*

Annotations:
D:13 exclusion: oklob plant
Lair:1 1 runed translucent door, pkoi's ghost, journeyman MiGl
Lair:6 3 runed translucent doors, GilGalad's ghost, journeyman DDFi
Orc:2 WaxSun's ghost, journeyman OgFE


Innate Abilities, Weirdness & Mutations

You are very small and have problems with some larger weapons.
You are too small for most types of armour.
You have supernaturally acute eyesight. (SInv)
You cover ground extremely quickly. (Speed+++)


Message History

The orc warrior hits your ball lightning with a +0 battleaxe!
Your ball lightning explodes!
The blast of lightning engulfs the deep elf archer!!
The deep elf archer is heavily wounded.
The blast of lightning engulfs the orc warrior!!
The orc warrior is severely wounded.
The blast of lightning engulfs the tengu warrior!!!
The tengu warrior is severely wounded.
The blast of lightning engulfs the centaur warrior!!!
The centaur warrior is severely wounded.
The blast of lightning engulfs your ball lightning.
Your ball lightning completely resists.
The blast of lightning engulfs WaxSun's ghost!!
WaxSun's ghost is moderately damaged.
The deep elf archer unwields a +0 short sword.
The deep elf archer wields a +0 shortbow.
The deep elf archer shoots an arrow.
The arrow hits you!!
* * * LOW HITPOINT WARNING * * *
Unknown command.
Your ball lightning explodes!
The blast of lightning engulfs you! You resist.
* * * LOW HITPOINT WARNING * * *
The blast of lightning engulfs the tengu warrior!
The tengu warrior is almost dead.
The blast of lightning engulfs your ball lightning.
Your ball lightning completely resists.
The blast of lightning engulfs the orc warrior!!
You kill the orc warrior!
Sif Muna accepts your kill.
The blast of lightning engulfs the centaur warrior!!
You kill the centaur warrior!
Sif Muna accepts your kill.
The blast of lightning engulfs the orc knight!
The orc knight is moderately wounded.
The blast of lightning engulfs the deep elf archer!!!
You kill the deep elf archer!
Sif Muna accepts your kill.
Your ball lightning explodes!
The blast of lightning engulfs you! You resist.
You die...

.................#.............#.
............).................#..
.................................
..............................#..
...............................#.
.................................
.........)...).................#.
.................................
........).......@................
..........)......................
..........)......................
........####')Q####..........#.#.
........#....))oH.#.)............
........#.#8..W8#.#......#...#.#.
........#.........#.)...###...###
........#.#8...8#.#....##.#...#
........#...:)[...#........#.##


You could see a minotaur, an orc knight, a tengu warrior and WaxSun's ghost.

Vanquished Creatures
  Kirke (Lair:5)
  A vault guard (D:13)
  11 hydras
  Erica (D:9)
  4 catoblepae (Lair:6)
  An ogre mage (D:10)
  6 centaur warriors
  3 two-headed ogres
  6 death yaks (Lair:6)
  A fire crab (shapeshifter) (D:10)
  A deep elf archer (Orc:2)
  A deep troll (D:10)
  7 orc knights
  A cyclops (D:12)
  An orc sorcerer (Orc:1)
  An ugly thing (D:10)
  2 manticores (Lair:6)
  4 elephants (Lair:3)
  7 black mambas
  Joseph (D:8)
  Maurice (D:9)
  2 gargoyles (D:12)
  11 cane toads
  2 rime drakes
  6 komodo dragons
  8 trolls
  2 polar bears
  4 meliai
  A tyrant leech (Lair:3)
  2 hornets (D:13)
  A slime creature (D:14)
  10 blink frogs
  5 dream sheep (Lair:6)
  A meliai zombie (D:10)
  Sigmund (D:4)
  92 yaks
  A shadow (D:10)
  A wraith (D:10)
  Eustachio (D:4)
  A steam dragon (D:10)
  4 hogs (Lair:5)
  7 humans
  4 wyverns
  2 basilisks
  4 vampire mosquitoes
  3 swamp worms (Lair:3)
  9 wargs
  3 acid dragons (D:11)
  15 water moccasins
  45 orc warriors
  An ice beast (D:7)
  A black bear (D:8)
  6 ogres
  A necrophage (D:5)
  6 wolves
  17 centaurs
  A phantom (D:5)
  6 kobold brigands (D:9)
  Blork the orc (D:4)
  6 gnoll sergeants
  15 bullfrogs
  A wyvern zombie (D:5)
  2 scorpions
  A wyvern skeleton (D:7)
  An oklob sapling (D:13)
  14 killer bees
  3 howler monkeys (D:9)
  An electric eel (Lair:2)
  8 wights
  5 centaur zombies
  4 crimson imps (D:12)
  4 hounds
  9 orc priests
  Crazy Yiuf (D:7)
  A centaur skeleton (D:7)
  24 orc wizards
  6 hell rats (Lair:6)
  2 howler monkey zombies
  5 gnolls (D:9)
  2 howler monkey skeletons
  6 river rats (Sewer)
  13 adders
  An ufetubus (D:5)
  An adder skeleton (D:4)
  4 worms
  6 dart slugs
  82 orcs
  16 ball pythons
  4 endoplasms
  2 giant cockroaches
  3 goblins
  3 hobgoblins
  4 jackals
  3 quokkas
  10 bats
  10 frilled lizards
  13 kobolds
  16 rats
662 creatures vanquished.

Vanquished Creatures (collateral kills)
  3 yaks (Lair:5)
3 creatures vanquished.

Vanquished Creatures (others)
  A vault guard (D:13)
  5 humans
  44 ball lightnings
  2 bushes (Lair:6)
  77 fungi
  127 plants
  2 withered plants (Lair:1)
258 creatures vanquished.

Grand Total: 923 creatures vanquished

Notes
Turn   | Place    | Note
-------+----------+-------------------------------------------
     0 | D:1      | pkoi the Spriggan Air Elementalist began the quest for the
                  | Orb.
     0 | D:1      | Reached XP level 1. HP: 9/9 MP: 5/5
   108 | D:1      | Found a faded altar of an unknown god.
   304 | D:1      | Reached XP level 2. HP: 11/13 MP: 1/6
   448 | D:1      | Learned a level 2 spell: Static Discharge
  1310 | D:2      | Reached XP level 3. HP: 12/16 MP: 2/8
  1854 | D:2      | Found an iron altar of Okawaru.
  2271 | D:3      | Reached XP level 4. HP: 21/21 MP: 3/10
  2330 | D:3      | Found Uvautat's Book Emporium.
  2361 | D:3      | Found a white marble altar of Elyvilon.
  3029 | D:3      | Learned a level 4 spell: Airstrike
  3962 | D:4      | Found a staircase to the Ecumenical Temple.
  3968 | Temple   | Entered the Ecumenical Temple
  4103 | Temple   | Became a worshipper of Sif Muna the Loreminder
  4369 | D:4      | Noticed an ogre
  4398 | D:4      | Noticed Eustachio
  4414 | D:4      | Killed an ogre
  4415 | D:4      | Reached skill level 5 in Air Magic
  4415 | D:4      | Reached XP level 5. HP: 24/24 MP: 3/12
  4759 | D:4      | Noticed Blork the orc
  4814 | D:5      | Entered Level 5 of the Dungeon
  4841 | D:5      | Noticed a necrophage
  5351 | D:4      | Noticed Sigmund
  5363 | D:4      | Killed Sigmund
  5364 | D:4      | Reached XP level 6. HP: 19/28 MP: 3/13
  5755 | D:4      | Killed Blork the orc
  6070 | D:4      | Killed Eustachio
  6071 | D:4      | Reached XP level 7. HP: 27/32 MP: 0/14
  6990 | D:5      | Found a glowing golden altar of the Shining One.
  7177 | D:5      | Found Saomn's General Store.
  7177 | D:5      | Found Tabywoiwn's Specific Store.
  7688 | D:6      | Found a glowing drain.
  7704 | Sewer    | Entered a sewer
  8171 | Sewer    | Reached XP level 8. HP: 35/36 MP: 13/15
  8192 | Sewer    | Reached * piety under Sif Muna
  8970 | D:6      | Found a shimmering altar of Xom.
  9022 | D:6      | Reached skill level 1 in Conjurations
  9405 | D:7      | Found Hoecs's General Store.
  9476 | D:7      | Reached skill level 1 in Fighting
  9920 | D:7      | Reached skill level 5 in Stealth
 10670 | D:7      | Reached ** piety under Sif Muna
 10671 | D:7      | Reached skill level 5 in Spellcasting
 10923 | D:7      | Found a runed translucent door.
 10924 | D:7      | Noticed Crazy Yiuf
 10932 | D:7      | Killed Crazy Yiuf
 11096 | D:8      | Reached XP level 9. HP: 41/42 MP: 0/17
 11292 | D:8      | Found a flagged portal.
 11302 | Bailey   | Entered a bailey
 12034 | D:8      | Noticed Joseph
 12262 | D:8      | Reached skill level 5 in Dodging
 12513 | D:8      | Identified the +11 falchion of Mastery {drain, rC+ Stlth+}
 13555 | D:8      | Killed Joseph
 14158 | D:9      | Noticed Erica
 14340 | D:9      | Noticed a troll
 14343 | D:9      | Killed a troll
 14464 | D:9      | Killed Erica
 14465 | D:9      | Reached skill level 10 in Air Magic
 14465 | D:9      | Reached XP level 10. HP: 49/49 MP: 3/20
 14922 | D:9      | Noticed Maurice
 15521 | D:9      | Killed Maurice
 15667 | D:9      | Reached *** piety under Sif Muna
 16016 | D:9      | Found a sparkling altar of Nemelex Xobeh.
 16099 | D:9      | Found a staircase to the Lair.
 16210 | D:9      | Reached skill level 1 in Invocations
 16451 | D:9      | Found a staircase to the Orcish Mines.
 16876 | Lair:1   | Entered Level 1 of the Lair of Beasts
 17246 | Lair:1   | Noticed a cane toad
 17250 | Lair:1   | Killed a cane toad
 17359 | Lair:1   | Found a runed translucent door.
 17360 | Lair:1   | Noticed pkoi's ghost (journeyman MiGl)
 17369 | Lair:1   | Noticed a cane toad
 17372 | Lair:1   | Killed a cane toad
 17525 | Lair:1   | Noticed a cane toad
 17543 | Lair:1   | Killed a cane toad
 17871 | Lair:1   | Noticed a cane toad
 17874 | Lair:1   | Killed a cane toad
 18080 | Lair:1   | Reached XP level 11. HP: 53/53 MP: 14/23
 18402 | Lair:1   | Noticed a six-headed hydra
 18422 | Lair:1   | Killed a six-headed hydra
 18423 | Lair:1   | Reached skill level 10 in Stealth
 19842 | Lair:2   | Found a hole to the Spider Nest.
 20325 | Lair:2   | Noticed a six-headed hydra
 20561 | Lair:2   | Killed a six-headed hydra
 21554 | Lair:3   | Found a staircase to the Shoals.
 22288 | Lair:3   | Identified the +3 hand axe "Laleci" {flame, rC+ Int+2}
 22337 | Lair:3   | Reached skill level 5 in Invocations
 22985 | Lair:3   | Noticed a four-headed hydra
 23532 | Lair:3   | Killed a four-headed hydra
 23533 | Lair:3   | Reached XP level 12. HP: 58/58 MP: 6/26
 24320 | Lair:3   | Reached skill level 10 in Dodging
 24845 | Lair:4   | Noticed a six-headed hydra
 24851 | Lair:4   | Killed a six-headed hydra
 25007 | Lair:4   | You fall into a shaft and drop 2 floors!
 25007 | Lair:6   | Entered Level 6 of the Lair of Beasts
 25008 | Lair:6   | Noticed a death yak
 25010 | Lair:6   | Noticed a death yak
 25015 | Lair:6   | Noticed a death yak
 25083 | Lair:6   | Noticed a four-headed hydra
 25175 | Lair:5   | Reached **** piety under Sif Muna
 25201 | Lair:5   | Reached skill level 10 in Spellcasting
 25374 | Lair:4   | Reached skill level 5 in Fighting
 26089 | D:5      | Bought a scroll of acquirement for 624 gold pieces
 26089 | D:5      | Acquired a ring of magical power
 27630 | Lair:5   | Noticed Kirke
 27824 | Lair:5   | Killed Kirke
 28124 | Lair:5   | Noticed a four-headed hydra
 28132 | Lair:5   | Killed a four-headed hydra
 28421 | Lair:5   | Found a staircase to the Slime Pits.
 28422 | Lair:5   | Found a viscous altar of Jiyva.
 29782 | Lair:6   | Noticed a catoblepas
 29801 | Lair:6   | Killed a catoblepas
 29802 | Lair:6   | Reached XP level 13. HP: 57/65 MP: 5/29
 31142 | Lair:6   | Found a runed translucent gate.
 31142 | Lair:6   | Found a runed translucent gate.
 31142 | Lair:6   | Found a runed translucent gate.
 31152 | Lair:6   | Noticed a minotaur
 31159 | Lair:6   | Noticed GilGalad's ghost (journeyman DDFi)
 35801 | Lair:6   | Identified the +3 ring mail of Generosity {Rampage +Inv rC+
                  | rCorr}
 36279 | Lair:6   | Reached XP level 14. HP: 72/72 MP: 21/31
 36591 | D:10     | Entered Level 10 of the Dungeon
 36979 | D:10     | Reached ***** piety under Sif Muna
 36979 | D:10     | Received a gift from Sif Muna
 38941 | D:10     | Reached skill level 5 in Conjurations
 41014 | D:11     | Found Zaskio's Antique Weapon Boutique.
 41286 | D:11     | HP: 1/72 [centaur warrior/arrow (6)]
 41621 | D:10     | Learned a level 6 spell: Conjure Ball Lightning
 42108 | D:12     | Found a shimmering altar of Xom.
 43765 | D:13     | Received a gift from Sif Muna
 43771 | D:13     | Got Sif Muna's Reference Book on Air and Attacks {god gift}
 44392 | D:13     | HP: 1/72 [meliai/divine providence (13)]
 45850 | D:13     | Found Veogaybu's Weapon Emporium.
 46223 | D:13     | Found Goukyhe's Antique Armour Emporium.
 46707 | D:13     | Found a gate to the Vaults.
 47205 | Orc:1    | Entered Level 1 of the Orcish Mines
 47817 | Orc:2    | Entered Level 2 of the Orcish Mines
 48449 | Orc:2    | Received a gift from Sif Muna
 48450 | Orc:2    | Got Sif Muna's Catalogue of the Scarab {god gift}
 49496 | Orc:2    | Reached XP level 15. HP: 75/75 MP: 25/32
 50076 | D:3      | Bought a book of Alchemy for 364 gold pieces
 50082 | D:3      | Learned a level 5 spell: Irradiate
 50365 | Orc:2    | Found Sauthro Ire's Armour Shop.
 50365 | Orc:2    | Found Loiles's General Store.
 50439 | Orc:2    | Reached skill level 1 in Transmutations
 50645 | Orc:2    | Received a gift from Sif Muna
 50672 | Orc:2    | Got Ehifuus's Compendium of the Frostbite and Unholy Arts
                  | {god gift}
 50888 | Orc:2    | Found Ererph's General Store.
 50888 | Orc:2    | Found Honaelol's Assorted Antiques.
 51467 | Orc:2    | Found a runed translucent gate.
 51467 | Orc:2    | Found a runed translucent gate.
 51468 | Orc:2    | Found a runed translucent gate.
 51518 | Orc:2    | Noticed WaxSun's ghost (journeyman OgFE)
 51808 | Orc:2    | Found a staircase to the Elven Halls.
 52262 | Orc:2    | HP: 3/75 [spore (12)]
 52262 | Orc:2    | Killed by an exploding ball lightning

Illustrated notes

Levels and vault maps discovered:
D:1:      minmay_arrival_wavy_path, layout_rooms,
          hellmonk_ecumenical_altar_zigzags
D:2:      layout_basic, basic_altar, minivault_19
D:3:      layout_loops_ring, mainiacjoe_overflow_cross_hatched, serial_shops,
          shop
D:4:      layout_loops_cross, minmay_temple_entry_waves, st_stairs_7,
          corexii_hall_statues_u, uniq_blork_the_orc, uniq_sigmund,
          uniq_eustachio
D:5:      layout_basic, tso_metal_star, nicolae_specific_store,
          lemuel_old_faithful
D:6:      layout_loops_ring, mainiacjoe_overflow_chevrons,
          cheibrodos_sewer_entry_sluice, minmay_misc_feat_alley
D:7:      layout_basic, serial_shops, shop, minmay_misc_feat_nine_boxes,
          uniq_crazy_yiuf_cottage
D:8:      layout_basic, enter_bailey_6, uniq_joseph
D:9:      layout_gridville, mainiacjoe_overflow_catwalk, dpeg_oklobed_lair,
          kennysheep_orc_monster_closet_entryway, uniq_erica, uniq_maurice
D:10:     nzn_winding_woodlands_medium [nzn_winding_woodlands_5x5_closed_star,
          nzn_winding_woodlands_5x15_cabin, nzn_winding_woodlands_hourglass,
          nzn_winding_woodlands_5x5_checkerboard,
          nzn_winding_woodlands_center_pierced_h,
          nzn_winding_woodlands_5x5_default,
          nzn_winding_woodlands_5x5_open_star,
          nzn_winding_woodlands_5x15_lazy_stream,
          nzn_winding_woodlands_5x5_default], layout_irregular_city
D:11:     layout_irregular_city, serial_shops, nicolae_shop_advertising_works
          [nicolae_subvault_shop_adworks]
D:12:     layout_loops_ring, gammafunk_ghost_hydra_chop, minivault_26,
          led_xom_imps
D:13:     layout_rooms, ximxim_vaults_locker_room, serial_shops, shop,
          nicolae_shop_temple_entry_statues_fountains, introduction_to_nature_1
D:14:     layout_loops_ring, minmay_staircase_windowed_small,
          roderic_roman_lattice
Temple:   regret_index_temple_mists
Lair:1:   layout_cave_pods, gammafunk_ghost_grave,
          grunt_forest_small_clearing_treed
Lair:2:   layout_chaotic_city, hellmonk_spider_entry_not_the_bees,
          infiniplex_staircase_pool
Lair:3:   layout_cave_pods, minmay_shoals_entry_centaurs,
          nicolae_volcano_entry_s_turn, worms_lemuel
Lair:4:   layout_loops_ring
Lair:5:   layout_small_grid, slime_altar_1, infiniplex_staircase_pool_2,
          grunt_megastairs_5, uniq_kirke
Lair:6:   evilmike_catoblepas_cave, layout_long_grid,
          maelrawn_ghost_gauntlet_escape, serial_bayou_shore_b
Orc:1:    layout_caves, serial_shops, shop_statue
Orc:2:    st_orc_town, layout_caves, gammafunk_ghost_fury_of_okawaru

Skill      XL: |  1  2  3  4  5  6  7  8  9 10 11 12 13 14 15 |
---------------+----------------------------------------------+-----
Air Magic      | 3 5 6 7 8 9 10 11 12 13 | 13.1
Spellcasting   | 3 4 5 6 7 9 11 12 | 12.7
Stealth        | 4 5 7 9 11 12 | 12.0
Dodging        | 4 6 8 9 11 12 13 | 13.3
Conjurations   | 2 3 4 8 9 |  9.0
Fighting       | 2 3 4 5 7 |  7.5
Invocations    | 3 5 7 8 9 |  9.1
Transmutations | 2 |  2.8

Action                   |  1- 3 |  4- 6 |  7- 9 | 10-12 | 13-15 || total
-------------------------+-------+-------+-------+-------+-------++-------
Melee: Rapier            |     4 |       |     9 |       |       ||    13
       Punch             |     1 |       |       |     1 |       ||     2
       Dagger            |       |       |     7 |       |       ||     7
       Falchion          |       |       |       |    25 |     2 ||    27
       Staff             |       |       |       |       |     7 ||     7
 Cast: Shock             |    94 |   137 |   115 |       |       ||   346
       Airstrike         |       |       |    93 |   409 |   724 ||  1226
       Static Discharge  |       |       |       |       |     6 ||     6
       Conjure Ball Ligh |       |       |       |       |    18 ||    18
Evoke: Wand              |       |       |       |     3 |       ||     3
  Use: Scroll            |       |     9 |     6 |    11 |     2 ||    28
       Potion            |       |     3 |     1 |       |       ||     4
 Stab: Sleeping          |       |       |     1 |       |       ||     1
Armor: Robe              |     2 |     1 |     6 |     6 |    12 ||    27
Dodge: Dodged            |    14 |    12 |    31 |   114 |   135 ||   306
Block: Other             |       |       |     8 |    25 |    28 ||    61
       Reflection        |       |       |     1 |     3 |     8 ||    12
